AoeStats
← BeeSneezes

Black Forest

509249196Analyzed
4v4 RM · 5d ago on Sep 26, 2026· 77m 22s· 8 players
Game mode
Random Map
Map size
Large (8 player)
Population
200
Speed
Normal
Resources
Standard
Victory
Conquest
Starting age
Dark Age
Ending age
Imperial Age
RankedLock teamsTeams togetherTeam positionsShared explorationLock speedFull tech treeHidden civsTurbo modeCheats
Victory
Defeat
🇵🇪 Persians · Peru
623
+9
🇨🇳 Sicilians · China
607
+10
🇧🇷 Inca · Brazil
489
+14
🇨🇳 Varangians · China
488
+14
🇺🇸 Saxons · United States
572
-15
🇲🇽 Danes · Mexico
489
-13
🇨🇴 Italians · Colombia
483
-13
🇺🇸 Varangians · United States
289
-6
BeeSneezes
1:44 Loom
14:56 Feudal Age
16:22 Wheelbarrow
15:39 Horse Collar
16:42 Double-Bit Axe
18:07 Town Watch
21:39 Fletching
28:10 Castle Age
28:22 Forging
28:13 Scale Mail Armor
29:46 Hand Cart
29:33 Town Patrol
29:38 Heavy Plow
29:53 Bow Saw
31:36 Gold Mining
31:38 Stone Mining
33:02 Bodkin Arrow
33:32 Scale Barding Armor
33:32 Husbandry
33:43 Bloodlines
32:56 Light Cavalry
36:07 Squires
35:55 Arson
37:14 Stone Shaft Mining
37:55 Caravan
42:55 Imperial Age
42:13 Ballistics
42:06 Masonry
42:19 Murder Holes
43:09 Treadmill Crane
44:05 Conscription
44:26 Crop Rotation
45:10 Two-Man Saw
47:51 Hussar
48:27 Elite Skirmisher
50:28 Cranequins
54:39 Elite Jarl
72:48 Architecture
72:27 Siege Engineers
72:27 Bracer
73:19 Chain Barding Armor
73:36 Iron Casting
Troll Numkin
1:03 Loom
15:00 Feudal Age
15:35 Horse Collar
15:44 Double-Bit Axe
18:35 Wheelbarrow
17:46 Town Watch
19:52 Fletching
20:52 Gold Mining
20:52 Stone Mining
21:13 Arson
24:09 Castle Age
25:15 Squires
25:43 Gambesons
27:51 Murder Holes
28:37 Bow Saw
29:30 Caravan
30:42 Town Patrol
33:30 Heavy Plow
35:23 Fortified Wall
37:47 Hand Cart
38:29 Ballistics
38:08 Bodkin Arrow
41:32 Imperial Age
41:52 Hand Cart
43:27 Conscription
42:30 Shield Wall
47:58 Elite Varangian Guard
48:06 Pikeman
63:19 Two-Man Saw
Sir Rubo
0:43 Loom
16:59 Feudal Age
22:43 Castle Age
24:12 Stone Mining
24:13 Gold Mining
24:11 Double-Bit Axe
26:25 Horse Collar
26:58 Bow Saw
29:37 Imperial Age
28:46 Gold Shaft Mining
28:47 Stone Shaft Mining
28:40 Caravan
30:43 Siege Engineers
31:55 Conscription
31:41 Capped Ram
31:44 Onager
31:52 Northmen's Fury
36:13 Siege Onager
38:00 Chemistry
37:48 Elite Jomsviking
40:02 Arson
40:18 Squires
40:03 Gambesons
39:39 Elite Varangian Guard
40:38 Forging
40:28 Scale Mail Armor
41:17 Wheelbarrow
42:20 Siege Ram
44:30 Iron Casting
44:10 Chain Mail Armor
43:56 Padded Archer Armor
43:46 Fletching
46:46 Man-at-Arms
48:41 Blast Furnace
48:11 Plate Mail Armor
47:22 Long Swordsman
48:54 Two-Handed Swordsman
49:51 Cranequins
49:51 Heavy Mounted Crossbowman
50:37 Thumb Ring
50:57 Ballistics
50:56 Leather Archer Armor
50:36 Bodkin Arrow
51:09 Hand Cart
53:53 Bracer
54:23 Ring Archer Armor
62:14 Hoardings
62:28 Champion
66:42 Husbandry
66:52 Bloodlines
jeison3283
6:52 Loom
27:29 Feudal Age
30:18 Double-Bit Axe
36:24 Castle Age
40:24 Bow Saw
41:49 Wheelbarrow
44:40 Arson
44:56 Squires
45:16 Horse Collar
54:56 Heavy Plow
55:06 Stone Mining
55:07 Gold Mining
59:58 Imperial Age
58:42 Scale Barding Armor
58:37 Scale Mail Armor
58:48 Forging
58:28 Fletching
58:39 Padded Archer Armor
62:01 Hand Cart
62:44 Chain Barding Armor
62:39 Chain Mail Armor
63:00 Iron Casting
62:41 Leather Archer Armor
62:22 Bodkin Arrow
63:42 Chemistry
63:02 Ballistics
62:55 Fortified Wall
64:26 Crop Rotation
66:29 Silk Road
69:16 Ring Archer Armor
68:46 Bracer
69:22 Iron Casting
69:02 Chain Mail Armor
69:08 Chain Barding Armor
74:10 Plate Mail Armor
74:40 Blast Furnace
MAHORAGA
12:24 Feudal Age
12:41 Horse Collar
12:48 Double-Bit Axe
18:29 Castle Age
16:35 Gold Mining
17:30 Loom
18:20 Wheelbarrow
18:23 Fishing Lines
19:13 Bow Saw
19:06 Heavy Plow
19:13 Stone Mining
23:33 Gillnets
30:56 Imperial Age
38:57 Crop Rotation
44:16 Two-Man Saw
45:51 Chemistry
45:02 Masonry
44:28 Pikeman
44:30 Man-at-Arms
45:14 Squires
45:02 Gambesons
44:38 Cavalier
45:20 Husbandry
45:33 Bloodlines
46:19 Guilds
46:42 Coinage
46:16 Scale Mail Armor
46:21 Scale Barding Armor
46:41 Savar
49:40 Elite War Elephant
55:43 Chain Mail Armor
55:48 Chain Barding Armor
55:39 Forging
60:05 Gold Shaft Mining
61:58 Plate Mail Armor
62:04 Plate Barding Armor
62:05 Iron Casting
63:33 Stone Shaft Mining
64:44 Banking
64:15 Caravan
70:18 Hand Cart
69:49 Town Watch
70:12 Kamandaran
70:31 Citadels
71:00 Hoardings
72:07 Architecture
73:50 Blast Furnace
72:41 Fletching
72:52 Padded Archer Armor
MATHZERA 4M
0:38 Loom
16:08 Feudal Age
16:49 Town Watch
17:39 Wheelbarrow
不知名南波湾
1:00 Loom
10:27 Feudal Age
11:06 Double-Bit Axe
11:35 Horse Collar
18:56 Wheelbarrow
21:37 Castle Age
20:53 Gold Mining
20:56 Stone Mining
24:51 Hand Cart
25:08 Bow Saw
29:03 Town Watch
30:28 Stone Shaft Mining
30:50 Heavy Plow
33:56 Imperial Age
33:04 Caravan
35:27 Crop Rotation
36:00 Two-Man Saw
36:20 Town Patrol
36:37 Elite Jarl
37:08 Vendel Legacy
44:05 Scale Barding Armor
44:12 Forging
44:02 Padded Archer Armor
43:53 Fletching
52:48 Chain Barding Armor
52:28 Scale Mail Armor
52:46 Leather Archer Armor
52:27 Bodkin Arrow
53:07 Iron Casting
59:10 Plate Barding Armor
59:36 Blast Furnace
58:36 Bracer
59:07 Ring Archer Armor
76:53 Chemistry
76:16 Ballistics
76:02 Murder Holes
76:20 Fortified Wall
76:41 Scale Mail Armor
ksksdhsf
5:19 Loom
15:41 Feudal Age
16:21 Double-Bit Axe
16:50 Horse Collar
23:12 Fletching
26:42 Castle Age
25:43 Man-at-Arms
26:50 Long Swordsman
27:42 Bow Saw
27:35 Heavy Plow
27:40 Gold Mining
27:48 Stone Mining
28:25 Gambesons
29:28 Squires
29:14 Arson
31:37 Bodkin Arrow
33:41 Scale Mail Armor
35:48 Chain Mail Armor
35:44 Forging
36:17 Stone Shaft Mining
38:20 Imperial Age
36:27 Gold Shaft Mining
37:55 Iron Casting
38:24 Two-Handed Swordsman
40:06 Blast Furnace
39:10 Murder Holes
39:36 Ballistics
39:50 Crop Rotation
39:30 Champion
40:45 Plate Mail Armor
40:30 Masonry
40:57 Conscription
43:36 Hoardings
44:58 Caravan
54:32 Bracer
54:34 Elite Serjeant
63:56 Elite Skirmisher
64:43 Padded Archer Armor
71:35 Siege Engineers
Connection lost

Rejoining the realm…

Still unreachable

The connection could not be restored.

Session expired

The server has moved on; the page needs a fresh start.